 Dungeon Crawl Stone Soup version 0.23.2-1-ga50397a (webtiles) character file.

Game seed: 14085929562388034968

191 redwoodhats the Ducker (level 5, -3/41 HPs)
             Began as a Barachi Gladiator on Apr 14, 2019.
             Slain by a killer bee (4 damage)
             ... on level 3 of the Dungeon.
             The game lasted 00:06:08 (2419 turns).

redwoodhats the Ducker (Barachi Gladiator)          Turns: 2419, Time: 00:06:09

Health: -3/41      AC:  4    Str: 16    XL:     5   Next: 70%
Magic:  5/5        EV: 13    Int:  8    God:
Gold:   101        SH:  3    Dex: 14    Spells: 4/4 levels left

rFire    + . .     SeeInvis .   a - +0 rapier
rCold    . . .     Gourm    .   g - +0 buckler
rNeg     . . .     Faith    .   b - +0 leather armour
rPois    .         Spirit   .   c - +0 helmet
rElec    .         Reflect  .   (no cloak)
rCorr    +         Harm     .   (no gloves)
MR       .....                  (no boots)
Stlth    +.........             (no amulet)
HPRegen  0.13/turn              h - ring of resist corrosion
MPRegen  0.09/turn              n - ring of protection from fire

@: lethally poisoned (-3 -> -7), can't hop, slow
A: +LOS, swims, slowness 1, strong legs 1
a: Hop


You were on level 3 of the Dungeon.
You were not hungry.

You visited 1 branch of the dungeon, and saw 3 of its levels.

You collected 101 gold pieces.

Inventory:

Hand Weapons
 a - a +0 rapier (weapon)
 k - a +0 dagger of venom
Missiles
 e - 2 throwing nets (quivered)
Armour
 b - a +0 leather armour (worn)
 c - a +0 helmet (worn)
 g - a +0 buckler (worn)
Jewellery
 h - a ring of resist corrosion (left hand)
 m - a cursed ring of teleportation {unknown}
 n - a ring of protection from fire (right hand)
Wands
 i - a wand of paralysis (8)
Scrolls
 j - 4 scrolls of identify
Potions
 d - a potion of curing
Comestibles
 f - a ration


   Skills:
 + Level 3.5 Fighting
 + Level 4.4 Short Blades
 + Level 2.0 Throwing
 + Level 2.3 Armour
 + Level 5.0 Dodging
 + Level 0.1 Shields


You had 4 spell levels left.
You didn't know any spells.
Your spell library was empty.

Dungeon Overview and Level Annotations

Branches:
Dungeon (3/15)

Altars:
Zin


Innate Abilities, Weirdness & Mutations

Shadows flee at your approach. (+LOS)
You can swim through water.
You cover ground slowly.
You can hop short distances.


Message History

The killer bee stings you.
The killer bee stings you but does no damage.
Hop to where?
Press: ? - help, Dir - move target cursor Boing!
A hobgoblin comes into view. It is wielding a +0 club.
You feel sick.
Found 16 gold pieces.
The killer bee stings you but does no damage.
You feel sick. The killer bee stings you.
* * * LOW HITPOINT WARNING * * *
The killer bee stings you but does no damage.
The killer bee stings you.
* * * LOW HITPOINT WARNING * * *
You completely miss the killer bee. The killer bee barely misses you.
The killer bee stings you!
* * * LOW HITPOINT WARNING * * *
The killer bee stings you but does no damage.
The killer bee misses you. The killer bee stings you.
You die...

#.?..y# #..y..##
######### +..y. ..
........ #...
.###.....# #..
.........+
#.####.###.....###.
#.......y..........
#.####.)##y###.#.#
#.# #..yy@y...$.#
### #<.y##.#..#.#
#...# ....... #....
.g#.#... #...#.#..#
# #. #..##.##.#
#... . .. ##. .. #
.##


You could see 5 killer bees and a hobgoblin.

Vanquished Creatures
  A hound (D:2)
  Natasha (thrice) (D:2)
  3 gnolls (D:2)
  3 adders (D:2)
  2 oozes
  A dart slug (D:1)
  3 goblins
  A hobgoblin (D:1)
  A quokka (D:2)
  A ball python (D:1)
  2 bats
  2 frilled lizards
  4 kobolds
  A rat (D:2)
28 creatures vanquished.

Notes
Turn   | Place    | Note
-------+----------+-------------------------------------------
     0 | D:1      | redwoodhats the Barachi Gladiator began the quest for the
                  | Orb.
     0 | D:1      | Reached XP level 1. HP: 17/17 MP: 1/1
   347 | D:1      | Reached XP level 2. HP: 15/23 MP: 2/2
   714 | D:2      | Reached skill level 4 in Dodging
   714 | D:2      | Reached XP level 3. HP: 22/28 MP: 3/3
   724 | D:2      | Reached skill level 1 in Armour
   985 | D:2      | Reached XP level 4. HP: 33/35 MP: 4/4
  1058 | D:2      | Noticed Natasha
  1090 | D:2      | Killed Natasha
  1158 | D:2      | Reached XP level 5. HP: 7/41 MP: 5/5
  1461 | D:2      | Noticed Natasha
  1470 | D:2      | Killed Natasha
  1546 | D:2      | Noticed Natasha
  1716 | D:2      | HP: 1/41 [Natasha/magic dart (7)]
  1721 | D:2      | Killed Natasha
  1721 | D:2      | Reached skill level 5 in Dodging
  2071 | D:2      | Found a glowing silver altar of Zin.
  2419 | D:3      | HP: 1/41 [killer bee (8)]
  2419 | D:3      | Slain by a killer bee

Skill      XL: |  1  2  3  4  5 |
---------------+----------------+-----
Dodging        | 4 5 |  5.0
Armour         | 1 2 |  2.3
Fighting       | 3 |  3.5
Short Blades   | 4 |  4.4
Throwing       | |  2.0
Shields        | |  0.1

Action                   |  1- 3 |  4- 6 || total
-------------------------+-------+-------++-------
Melee: Rapier            |    50 |    72 ||   122
Throw: Throwing net      |       |     4 ||     4
 Abil: Hop               |     2 |     1 ||     3
  Use: Scroll            |     4 |     3 ||     7
       Potion            |     3 |     1 ||     4
  Eat: Ration            |     1 |     1 ||     2
Armor: Leather armour    |    22 |    15 ||    37
Dodge: Dodged            |    43 |    43 ||    86
Block: Buckler           |     9 |     4 ||    13
